 Dungeon Crawl Stone Soup version 0.30-a0-381-g6ea064c7b4 (webtiles) character file.

Game seed: 9291654896657228131

55 Raultor the Insei (level 3, -1/23 HPs)
             Began as an Octopode Transmuter on Dec 1, 2022.
             Slain by an orc
             ... wielding a +0 mace
              (7 damage)
             ... on level 3 of the Dungeon.
             The game lasted 00:04:21 (1717 turns).

Raultor the Insei (Octopode Transmuter)             Turns: 1717, Time: 00:04:22

Health: -1/23      AC:  1    Str:  9    XL:     3   Next: 93%
Magic:  3/6        EV: 13    Int: 17    God:
Gold:   121        SH:  0    Dex: 12    Spells: 3/6 levels left

rFire   . . .      SeeInvis .      - Unarmed
rCold   . . .      Faith    .    (no shield)
rNeg    . . .      Spirit   .    (helmet currently unavailable)
rPois   .          Reflect  .    (no amulet)
rElec   .          Harm     .    (no ring)
rCorr   .          Rampage  .    (no ring)
Will    .....                    (no ring)
Stlth   ++........               (no ring)
HPRegen 0.23/turn                (no ring)
MPRegen 0.10/turn                (no ring)
                                 (no ring)
                                 (no ring)

@: appendages, wereblooded
A: tentacle spike 3, almost no armour, amphibious, 8 rings, camouflage 1,
gelatinous body 1, (nimble swimmer 1), tentacles
a: End Transformation


You were on level 3 of the Dungeon.
One of your tentacles had grown a beastly spike.
You visited 1 branch of the dungeon, and saw 3 of its levels.

You collected 121 gold pieces.


Innate Abilities, Weirdness & Mutations

One of your tentacles has grown a beastly spike.
You cannot wear most types of armour.
You are amphibious.
You can wear up to eight rings at the same time.
Your skin changes colour to match your surroundings (Stealth+).
Your rubbery body absorbs attacks. (AC +1, EV +1)
((You are camouflaged when in or above water. (Stealth+)))
You have tentacles for arms and can constrict up to eight enemies at once.


   Skills:
 - Level 1.0 Fighting
 - Level 2.0 Dodging
 + Level 3.3 Unarmed Combat
 - Level 2.0 Spellcasting
 * Level 3.0 Transmutations
 * Level 2.0 Ice Magic


You had 3 spell levels left.
You knew the following spells:

 Your Spells              Type           Power      Damage    Failure   Level
b - Beastly Appendage     Tmut           24%        N/A       5%          1
w - Wereblood             Tmut           12%        N/A       9%          2

Your spell library contained the following spells:

 Spells                   Type           Power      Damage    Failure   Level
 Blink                    Tloc           2%         N/A       28%         2
 Momentum Strike          Conj/Tloc      2%         3d8       28%         2
 Spider Form              Tmut/Pois      6%         N/A       30%         3
 Lesser Beckoning         Tloc           2%         N/A       50%         3
 Ice Form                 Ice/Tmut       10%        N/A       56%         4
 Airstrike                Air            0%         2d(1-17)  88%         4
 Summon Lightning Spire   Summ/Air       1%         N/A       88%         4
 Lightning Bolt           Conj/Air       0%         1d11      99%         5

Inventory:

Scrolls
 b - a scroll of enchant weapon {unknown}
 f - 2 scrolls of teleportation {unknown}
 g - a scroll of poison {unknown}
 h - a scroll of identify {unknown}
Potions
 a - a potion of lignification
 c - 2 potions of degeneration {unknown}
 d - 2 potions of brilliance {unknown}
 e - a potion of resistance {unknown}
 i - a potion of ambrosia {unknown}
 j - a potion of berserk rage {unknown}
 k - a potion of curing {unknown}

Dungeon Overview and Level Annotations

Branches:
Dungeon (3/15)

Altars:

▒.▒......▒ ▒...........
▒.+......▒...▒.......##..
▒.▒......▒...▒....##.# ..
▒.▒......▒...▒....##.. ..
▒.▒......▒...▒....##.#. .
▒.▒......▒o..▒....##....
▒.▒......▒...▒.... ... .#
+.▒......▒oo.▒.. ####..
▒)▒.....@▒...▒
▒........oo..▒
▒▒▒......▒▒▒▒▒
..............
................
..........(.......
...............♣♣.
######.#.###.♣♣♣ #.#.# .♣


You could see 2 orcs.


Message History

You tentacle-slap the goblin.
You kill the goblin!
Your Ice Magic skill increases to level 2!
No target in view!
No target in view!
Found a fuming ruby potion and 6 poisoned darts.
Things that are here:
a +0 dagger; 6 stones
k - a fuming ruby potion An orc comes into view.
It is wielding a +0 mace.
An orc is nearby! 3 orcs come into view.
The orc shouts! x3
The orc hits you with a +0 mace!
The orc shouts!
Casting: Wereblood (safe; 9% risk of failure)
Confirm with . or Enter, or press ? or * to list all spells.
One of your tentacles grows a vicious spike.
The orc hits you with a +0 mace.
Casting: Beastly Appendage (safe; 5% risk of failure)
Confirm with . or Enter, or press ? or * to list all spells.
Your blood is infused with primal strength.
The orc hits you with a +0 mace.
* * * LOW HITPOINT WARNING * * *
Unknown command.
You closely miss the orc. You grab the orc.
You pierce the orc.
The orc is almost dead.
You constrict the orc, but do no damage.
The orc hits you with a +0 mace!
You die...

Skill      XL: |  1  2  3 |
---------------+----------+-----
Ice Magic      | 1 2 |  2.0
Transmutations | 3 |  3.0
Fighting       | |  1.0
Dodging        | |  2.0
Unarmed Combat | |  3.3
Spellcasting   | |  2.0

Action                   || total
-------------------------++-------
Melee: Unarmed           ||    75
       Constrict         ||    20
       Tentacles         ||    17
       Kick              ||     8
       Punch             ||     2
 Cast: Beastly Appendage ||     6
       Wereblood         ||     2
 Stab: Sleeping          ||     9
Armor: Skin              ||     4
Dodge: Dodged            ||    40

Levels and vault maps discovered:
D:1:      amcnicky_arrival_double_pillar, layout_basic,
          ebering_ecumenical_altar_rust, amcnicky_mini_corridor_feature,
          minivault_11, minmay_misc_feat_x
D:2:      layout_basic, minmay_misc_feat_plants
D:3:      layout_basic, marbit_many_paths, nrook_campfire

Notes
Turn   | Place    | Note
-------+----------+-------------------------------------------
     0 | D:1      | Raultor the Octopode Transmuter began the quest for the
                  | Orb.
     0 | D:1      | Reached XP level 1. HP: 13/13 MP: 3/3
   153 | D:1      | Reached XP level 2. HP: 11/18 MP: 5/5
   156 | D:1      | Learned a level 2 spell: Wereblood
   296 | D:1      | Reached skill level 1 in Ice Magic
   388 | D:1      | Found a faded altar of an unknown god.
   804 | D:2      | Reached XP level 3. HP: 23/23 MP: 4/6
  1493 | D:3      | Reached skill level 3 in Transmutations
  1688 | D:3      | Reached skill level 2 in Ice Magic
  1717 | D:3      | Slain by an orc

Vanquished Creatures
  An adder (D:2)
  2 worms
  An orc (D:3)
  4 endoplasms
  2 giant cockroaches
  2 hobgoblins (D:2)
  A kobold (D:1)
  2 quokkas (D:2)
  6 ball pythons
  4 bats
  3 frilled lizards
  4 goblins
  6 rats
38 creatures vanquished.

Table legend: (Time is in decaauts)
 A = Elapsed time spent in this place.
 B = Non-inter-level travel time spent in this place.
 C = Inter-level travel time spent in this place.
 D = Time resting spent in this place.
 E = Time spent auto-exploring this place.
 F = Levels seen in this place.
 G = Mean time per level.
                   A        B        C        D        E       F      G
               +--------+--------+--------+--------+--------+-----+--------+
         Total |   1711 |   1674 |     37 |      0 |   1394 |   3 |  570.3 |
       Dungeon |   1711 |   1674 |     37 |      0 |   1394 |   3 |  570.3 |
               +--------+--------+--------+--------+--------+-----+--------+

Top non-repeatable levels by time:
     D:2: 754 daAuts
     D:1: 718 daAuts
     D:3: 239 daAuts

Table legend:
 A = Non-vault XP
 B = Vault XP
 C = Vault XP percentage of total XP
 D = Non-vault monster count
 E = Vault monster count
 F = Vault count percentage of total count
                 A         B        C        D         E       F
            +---------+---------+-------+---------+---------+-------
      Total |      79 |       0 |   0.0 |      38 |       0 |   0.0
            +---------+---------+-------+---------+---------+-------
        D:1 |      25 |       0 |   0.0 |      18 |       0 |   0.0
        D:2 |      40 |       0 |   0.0 |      15 |       0 |   0.0
        D:3 |      14 |       0 |   0.0 |       5 |       0 |   0.0
            +---------+---------+-------+---------+---------+-------
